 Dungeon Crawl Stone Soup version 0.28-a0-1629-gf728b707aa (webtiles) character file.

Game seed: 13603631800162527500

5491 kingj the Summoner (level 10, -2/72 (74) HPs)
             Began as a Demonspawn Abyssal Knight on Jan 24, 2022.
             Was a High Priest of Lugonu.
             Succumbed to an orc warrior's poison
             ... on level 8 of the Dungeon.
             The game lasted 00:42:15 (9622 turns).

kingj the Summoner (Demonspawn Abyssal Knight)      Turns: 9622, Time: 00:42:15

HP:   -2/72 (74)    AC:  8    Str: 14    XL:     10   Next: 42%
MP:   21/21         EV: 11    Int: 20    God:    Lugonu [*****.]
Gold: 343           SH:  0    Dex: 13    Spells: 18/24 levels left

rFire   . . .      SeeInvis .   w - +3 flail (protect)
rCold   . . .      Faith    .   (no shield)
rNeg    + . .      Spirit   .   i - +1 robe
rPois   .          Reflect  .   (no helmet)
rElec   .          Harm     .   h - +2 cloak
rCorr   +          Rampage  .   (no gloves)
Will    +....                   (no boots)
Stlth   +.........              y - amulet of magic regeneration
HPRegen 0.22/turn               x - ring of resist corrosion
MPRegen 0.57/turn               C - ring of the Dancing Enemy {rN+ Will+ Int+4}

@: lethally poisoned (-2 -> -28), lightly drained
A: hooves 2, rugged brown scales 2, demonic guardian 2, spiny 2
a: Renounce Religion, Depart the Abyss, Bend Space, Banish, Corrupt, Enter the
Abyss


You were on level 8 of the Dungeon.
You worshipped Lugonu.
Lugonu was extremely pleased with you.
You visited 1 branch of the dungeon, and saw 8 of its levels.
You visited the Abyss 1 time.
You also visited: Ossuary and Bailey.

You collected 403 gold pieces.
You spent 60 gold pieces at shops.

Inventory:

Hand Weapons
 a - a +1 falchion
 l - a +2 whip of electrocution
 w - a +3 flail of protection (weapon)
Armour
 b - a +0 leather armour
 h - a +2 cloak (worn)
 i - a +1 robe (worn)
Jewellery
 f - an amulet of regeneration
 x - a ring of resist corrosion (left hand)
 y - an amulet of magic regeneration (around neck)
 C - the ring of the Dancing Enemy (right hand) {rN+ Will+ Int+4}
   (You found it on level 7 of the Dungeon)

   [ring of positive energy]

   Int:       It affects your intelligence (+4).
   rN:        It protects you from negative energy.
   Will:      It increases your willpower.
Wands
 s - a wand of paralysis (3)
 v - a wand of flame (41)
Scrolls
 e - 2 scrolls of vulnerability
 g - a scroll of summoning
 j - a scroll of fog
 k - 4 scrolls of magic mapping
 m - 3 scrolls of teleportation
 B - 2 scrolls of identify
Potions
 c - a potion of flight
 n - 2 potions of attraction
 o - 3 potions of haste {unknown}
 p - a potion of curing
 q - a potion of magic {unknown}
 r - 4 potions of mutation
 t - 3 potions of cancellation {unknown}
 u - 2 potions of brilliance
 z - 2 potions of might
 A - a potion of lignification
 D - a potion of heal wounds
 E - a potion of experience
 F - 3 potions of invisibility {unknown}


   Skills:
 - Level 3.7 Fighting
 - Level 2.1 Long Blades
 - Level 6.1 Maces & Flails
 - Level 1.7 Armour
 - Level 1.0 Dodging
 - Level 7.5 Spellcasting
 - Level 1.8 Conjurations
 - Level 1.7 Hexes
 * Level 10.6 Summonings
 - Level 2.4 Invocations


You had 18 spell levels left.
You knew the following spells:

 Your Spells              Type           Power      Damage    Failure   Level
a - Magic Dart            Conj           60%        1d6       4%          1
b - Call Imp              Summ           50%        N/A       1%          2
c - Summon Guardian Gole  Hex/Summ       32%        N/A       2%          3

Your spell library contained the following spells:

 Spells                   Type           Power      Damage    Failure   Level
 Apportation              Tloc           14%        N/A       9%          1
 Ensorcelled Hibernation  Hex/Ice        20%        N/A       10%         2
 Passwall                 Tmut/Erth      5%         N/A       14%         2
 Sublimation of Blood     Necr           7%         N/A       14%         2
 Wereblood                Tmut           7%         N/A       14%         2
 Mephitic Cloud           Conj/Pois/Air  10%        N/A       21%         3
 Swiftness                Air            7%         N/A       26%         3
 Summon Hydra             Summ           25%        N/A       67%         7
 Alistair's Intoxication  Tmut/Pois      4%         N/A       94%         5
 Spellforged Servitor     Conj/Summ      16%        N/A       99%         7
 Orb of Destruction       Conj           7%         9d6       100%        7


Dungeon Overview and Level Annotations

Branches:
Dungeon (8/15)             Temple (0/1) D:7         Ossuary (visited)
 Bailey (visited)
   Lair: D:8-11

Altars:
Cheibriados
Hepliaklqana
Kikubaaqudgha
Okawaru
Uskayaw
Wu Jian
Yredelemnul

Shops:
D:4 [(?


Innate Abilities, Weirdness & Mutations

You have hoof-like feet.
You are mostly covered in rugged brown scales. (AC +2, +5% HP)
A demonic guardian rushes to your aid.
You are mostly covered in sharp spines.


Message History

Your orange demon hits the orc warrior.
You feel better.
The orc warrior hits your orange demon with a +1 halberd of venom!
Your orange demon looks as sick as possible!
Your guardian golem overheats!
The orc warrior hits your orange demon with a +1 halberd of venom.
Your orange demon looks as sick as possible!
Flame seeps out of your guardian golem.
Your orange demon stings the orc warrior but does no damage.
Your orange demon hits the orc warrior.
The orc warrior looks weaker.
Flame seeps out of your guardian golem.
Your guardian golem is engulfed in blazing flames.
Flame seeps out of your guardian golem.
The orc warrior hits your orange demon with a +1 halberd of venom!
Your orange demon looks as sick as possible!
Flame seeps out of your guardian golem.
Your orange demon closely misses the orc warrior.
Your orange demon hits the orc warrior but does no damage.
Your orange demon dies!
Your orange demon disappears in a puff of smoke!
Flame seeps out of your guardian golem.
Unknown command.
Casting: Summon Guardian Golem (mildly dangerous; 2% risk of failure)
Confirm with . or Enter, or press ? or * to list all spells.
Aiming: Magic Dart (safe; 4% risk of failure)
Press: ? - help, Shift-Dir - straight line, f - orc warrior
Aim: an orc warrior, wielding a +1 halberd of venom, wearing a +0 chain mail and carrying a wand of digging (4) (blue smoke, severely wounded, berserk, very poisoned, weak, ally target, 100% to hit)
The magic dart hits the orc warrior.
The orc warrior is severely wounded.
The orc warrior misses you.
The orc warrior hits you with a +1 halberd of venom!!
* * * LOW HITPOINT WARNING * * *
You are poisoned.
The orc warrior hits you with a +1 halberd of venom!
* * * LOW HITPOINT WARNING * * *
You are more poisoned.
Blink to where?
Press: ? - help, Dir - move target, p - orc warrior
As you read the scroll of blinking, it crumbles to dust.
You die...

#........##...........# ##
#.#########...........# ..# #.#
#.........(.# #####.#
#.#########...........#
###.....###.##...........####.#.#
.................................
.....#..###..#.#.......#.####.#.#
.##..#..###..#.#.#...###.# #.#.#
.Y.o......#..#..@......#.# #.#.#
..####..........)###.#<#.####.#.#
.# #Y##.#...#..# #.###...##.#.# .
..##.YY.....#<.# #.....#.##.#.#
P.P....9o§.#..#..# #####.#....#.#
._..######....#..# #.######.# P..
#.......### #........# .
#.#....)##################
#.#...........#....)######


There were no monsters in sight!

Vanquished Creatures
  Sigmund (D:4)
  Eustachio (D:5)
  3 yaks (D:5)
  4 water moccasins
  An ice beast (D:6)
  4 necrophages
  2 ogres
  3 sky beasts
  4 centaurs
  A phantom (D:5)
  2 bullfrogs
  An elf zombie (Ossuary)
  2 scorpions
  A water moccasin zombie (D:6)
  A wyvern skeleton (D:4)
  4 killer bees
  3 wights (D:8)
  2 bullfrog zombies (D:6)
  2 jellies
  2 orc priests (D:4)
  2 hounds (D:6)
  2 human zombies (Ossuary)
  2 bullfrog skeletons
  A gnoll shaman (D:6)
  2 iguanas (D:5)
  6 orc wizards
  4 killer bee zombies
  4 mummies (Ossuary)
  A hound skeleton (D:3)
  A howler monkey zombie (D:6)
  9 adders
  A howler monkey skeleton (D:6)
  10 gnolls
  2 shadow imps
  2 white imps
  2 ufetubi
  An adder zombie (Ossuary)
  An adder skeleton (D:4)
  A worm (D:2)
  4 dart slugs
  36 orcs
  4 ball pythons
  3 endoplasms
  A giant cockroach (D:3)
  7 goblins
  3 hobgoblins (D:1)
  10 jackals
  7 kobolds
  5 quokkas
  3 bats
  4 frilled lizards
  2 hobgoblin zombies (Ossuary)
  A jackal zombie (Ossuary)
  3 kobold zombies (Ossuary)
  An orc zombie (Ossuary)
  3 rats
195 creatures vanquished.

Vanquished Creatures (collateral kills)
  A slime creature (D:7)
  A shadow (D:8)
  A water moccasin (D:6)
  Duvessa (D:7)
  A black bear (D:5)
  3 orc warriors
  A scorpion (D:3)
  Dowan (D:7)
  2 orc wizards
  A howler monkey zombie (D:6)
  2 gnolls
  An adder (D:3)
  A dart slug (D:4)
  5 orcs
  A bat (D:3)
  A gnoll zombie (Ossuary)
24 creatures vanquished.

Vanquished Creatures (others)
  An orc warrior (D:7)
  2 gnolls (Bailey)
  A withered plant (D:8)
4 creatures vanquished.

Grand Total: 223 creatures vanquished

Notes
Turn   | Place    | Note
-------+----------+-------------------------------------------
     0 | Abyss:1  | kingj the Demonspawn Abyssal Knight began the quest for the
                  | Orb.
     0 | Abyss:1  | Reached XP level 1. HP: 18/18 MP: 2/2
    16 | Abyss:1  | Found a corrupted altar of Lugonu.
    53 | Abyss:1  | Found an opulent altar of Gozag.
    62 | D:1      | Escaped the Abyss
   121 | D:1      | Gained mutation: You are partially covered in rugged brown
                  | scales. (AC +1, +3% HP) [demonic ancestry]
   121 | D:1      | Reached XP level 2. HP: 12/24 MP: 3/3
   159 | D:1      | Learned a level 1 spell: Magic Dart
   360 | D:1      | Found a faded altar of an unknown god.
   876 | D:1      | Reached skill level 1 in Dodging
  1087 | D:2      | Reached ** piety under Lugonu
  1088 | D:2      | Gained mutation: A weak demonic guardian rushes to your
                  | aid. [demonic ancestry]
  1088 | D:2      | Reached XP level 3. HP: 29/30 MP: 0/4
  1177 | D:2      | Reached skill level 1 in Conjurations
  1182 | D:2      | Reached skill level 1 in Spellcasting
  1323 | D:2      | Learned a level 2 spell: Call Imp
  1407 | D:2      | Gained mutation: You are partially covered in sharp spines.
                  | [demonic ancestry]
  1407 | D:2      | Reached XP level 4. HP: 38/38 MP: 2/6
  1964 | D:3      | Reached skill level 1 in Summonings
  1969 | D:3      | Learned a level 3 spell: Summon Guardian Golem
  2117 | D:3      | Gained mutation: You have large cloven feet. [demonic
                  | ancestry]
  2117 | D:3      | Reached XP level 5. HP: 43/43 MP: 0/8
  2356 | D:3      | Reached skill level 1 in Hexes
  2394 | D:3      | Reached skill level 2 in Summonings
  2592 | D:4      | Reached XP level 6. HP: 41/49 MP: 5/10
  2786 | D:4      | Found Coonyir's Weapon Shoppe.
  2901 | D:4      | Reached *** piety under Lugonu
  3088 | D:4      | Noticed Sigmund
  3103 | D:4      | Killed Sigmund
  3104 | D:4      | Reached skill level 3 in Summonings
  3402 | D:4      | Noticed an orc warrior
  3414 | D:4      | Reached skill level 4 in Summonings
  3414 | D:4      | Gained mutation: You are mostly covered in rugged brown
                  | scales. (AC +2, +5% HP) [demonic ancestry]
  3414 | D:4      | Reached XP level 7. HP: 49/55 MP: 9/12
  3475 | D:4      | Found Diusozet's Magic Scroll Boutique.
  3524 | D:4      | Bought a scroll of identify for 24 gold pieces
  3524 | D:4      | Bought a scroll of teleportation for 36 gold pieces
  3726 | D:4      | Found Aschypoa's Armour Shop.
  3895 | D:5      | Entered Level 5 of the Dungeon
  4014 | D:5      | Found a sand-covered staircase.
  4025 | Ossuary  | Entered an ossuary
  4059 | Ossuary  | Reached skill level 1 in Maces & Flails
  4077 | Ossuary  | Reached skill level 5 in Summonings
  4457 | D:5      | Noticed a yak
  4473 | D:5      | Noticed a yak
  4475 | D:5      | Noticed a yak
  4477 | D:5      | Killed a yak
  4478 | D:5      | Gained mutation: A demonic guardian rushes to your aid.
                  | [demonic ancestry]
  4478 | D:5      | Reached XP level 8. HP: 63/63 MP: 4/15
  4638 | D:5      | Noticed Eustachio
  4670 | D:5      | Killed Eustachio
  4671 | D:5      | Reached skill level 5 in Spellcasting
  4671 | D:5      | Reached skill level 6 in Summonings
  5101 | D:5      | Reached skill level 5 in Maces & Flails
  5142 | D:5      | Reached **** piety under Lugonu
  5358 | D:5      | Gained mutation: You have hoof-like feet. [demonic
                  | ancestry]
  5358 | D:5      | Reached XP level 9. HP: 61/68 MP: 13/17
  5591 | D:6      | Found a hide-covered altar of Uskayaw.
  5591 | D:6      | Found a snail-covered altar of Cheibriados.
  5592 | D:6      | Found an ancient bone altar of Kikubaaqudgha.
  5838 | D:6      | Found a hazy altar of Hepliaklqana.
  6127 | D:6      | Reached skill level 7 in Summonings
  6324 | D:6      | Reached ***** piety under Lugonu
  6374 | D:6      | Reached skill level 8 in Summonings
  6819 | D:7      | Found an iron altar of Okawaru.
  6849 | D:7      | Gained mutation: You are mostly covered in sharp spines.
                  | [demonic ancestry]
  6849 | D:7      | Reached XP level 10. HP: 64/73 MP: 21/21
  6921 | D:7      | Reached skill level 9 in Summonings
  7053 | D:7      | Noticed Duvessa
  7053 | D:7      | Noticed Dowan
  7069 | D:7      | Killed Duvessa
  7070 | D:7      | Killed Dowan
  7081 | D:7      | Identified the +3 leather armour of the Demon Prince {-Tele
                  | rF+ Str+5}
  7223 | D:7      | Identified the ring of the Dancing Enemy {rN+ Will+ Int+4}
  7641 | D:7      | Found a staircase to the Ecumenical Temple.
  7666 | D:7      | Found an ornate altar of the Wu Jian Council.
  7914 | D:8      | Reached skill level 10 in Summonings
  8003 | D:8      | Found a flagged portal.
  8012 | Bailey   | Entered a bailey
  9612 | D:8      | Found a basalt altar of Yredelemnul.
  9622 | D:8      | Succumbed to an orc warrior's poison

Illustrated notes

Levels and vault maps discovered:
D:1:      moated_graveyard_arrival, layout_loops_ring,
          hellmonk_ecumenical_altar_run_dry, kennysheep_crisscross,
          minmay_indecisive_spiral
D:2:      layout_basic
D:3:      layout_rooms
D:4:      layout_cave_pods, serial_shops, nicolae_diamond_shop,
          nicolae_shop_trees, nicolae_shop_temple_entry_statues_fountains,
          uniq_sigmund
D:5:      layout_basic, enter_ossuary_3, hangedman_abyss_or_decor_slice,
          uniq_eustachio
D:6:      kennysheep_windowed_halls, layout_cave_pools,
          mainiacjoe_overflow_concentric_impassable,
          gammafunk_temple_overflow_claw
D:7:      minmay_chambers_of_fours, layout_loops_ring,
          kennysheep_okawaru_gauntlet, lemuel_tele_altar,
          minmay_temple_entry_poolview, uniq_duvessa
D:8:      cheibrodos_quashed, layout_basic, yredelemnul_altar_generic,
          enter_bailey_2

Skill      XL: |  1  2  3  4  5  6  7  8  9 10 |
---------------+-------------------------------+-----
Long Blades    | 2 |  2.1
Dodging        | 1 |  1.0
Conjurations   | 1 |  1.8
Spellcasting   | 1 2 3 4 5 7 |  7.5
Summonings     | 1 2 4 5 6 8 10 | 10.6
Hexes          | 1 |  1.7
Maces & Flails | 2 5 6 |  6.1
Fighting       | |  3.7
Armour         | |  1.7
Invocations    | |  2.4

Action                   |  1- 3 |  4- 6 |  7- 9 | 10-12 || total
-------------------------+-------+-------+-------+-------++-------
Melee: Falchion          |    70 |    66 |    12 |       ||   148
       Punch             |     1 |     2 |     2 |     1 ||     6
       Kick              |       |     9 |    85 |    34 ||   128
       Whip              |       |       |   185 |       ||   185
       Flail             |       |       |    70 |   107 ||   177
 Cast: Magic Dart        |    18 |    29 |    50 |     3 ||   100
       Call Imp          |       |    19 |    22 |     7 ||    48
       Summon Guardian G |       |     2 |    24 |     8 ||    34
Invok: Bend Space        |       |     1 |       |       ||     1
  Use: Potion            |       |     2 |       |     5 ||     7
       Scroll            |       |       |    15 |     7 ||    22
 Stab: Distracted        |       |       |     1 |     1 ||     2
       Sleeping          |       |       |       |     4 ||     4
Armor: Leather armour    |    19 |     2 |       |       ||    21
       Robe              |       |    21 |   126 |    41 ||   188
Dodge: Dodged            |    36 |    42 |   188 |    81 ||   347

Table legend: (Time is in decaauts)
 A = Elapsed time spent in this place.
 B = Non-inter-level travel time spent in this place.
 C = Inter-level travel time spent in this place.
 D = Time resting spent in this place.
 E = Time spent auto-exploring this place.
 F = Levels seen in this place.
 G = Mean time per level.
                   A        B        C        D        E       F      G
               +--------+--------+--------+--------+--------+-----+--------+
         Total |   9656 |   9315 |    341 |    685 |   6002 |  11 |  877.8 |
       Dungeon |   8499 |   8158 |    341 |    517 |   5468 |   8 | 1062.4 |
         Abyss |     62 |     62 |      0 |      0 |      0 |   1 |   62.0 |
       Ossuary |    365 |    365 |      0 |      0 |    195 |   1 |  365.0 |
        Bailey |    730 |    730 |      0 |    168 |    339 |   1 |  730.0 |
               +--------+--------+--------+--------+--------+-----+--------+

Top non-repeatable levels by time:
     D:7: 1543 daAuts
     D:4: 1345 daAuts
     D:5: 1279 daAuts
     D:6: 993 daAuts
     D:2: 960 daAuts
     D:1: 944 daAuts
     D:8: 785 daAuts
  Bailey: 730 daAuts
     D:3: 646 daAuts
 Ossuary: 365 daAuts
 Abyss:1: 62 daAuts
